 Dungeon Crawl Stone Soup version 0.31-a0-744-gbc345e7fcb (webtiles) character file.

Game seed: 12833107164378173985

11400 Ge0ff the Skirmisher (level 11, -39/109 HPs)
             Began as a Troll Hunter on Sept 13, 2023.
             Was an Initiate of Gozag.
             Killed from afar by an ice statue (41 damage)
             ... with a shard of ice
             ... in an ice cave on Sept 14, 2023.
             The game lasted 00:21:34 (11602 turns).

Ge0ff the Skirmisher (Troll Hunter)                Turns: 11602, Time: 00:21:35

Health: -39/109    AC: 10    Str: 21    XL:     11   Next: 48%
Magic:  10/10      EV: 11    Int:  5    God:    Gozag
Gold:   1648       SH:  0    Dex: 23    Spells: 10/10 levels left

rFire   . . .        a - +2 orcbow (drain)
rCold   . . .        (shield currently unavailable)
rNeg    . . .        c - +0 robe
rPois   .            (helmet restricted)
rElec   .            x - +1 cloak
rCorr   .            (gloves unavailable)
SInv    .            (boots unavailable)
Will    .....        (no amulet)
Stlth   ++           G - +4 ring of protection
HPRegen 1.18/turn    H - +6 ring of dexterity
MPRegen 0.12/turn

%: no passive effects
@: no status effects
A: large, unfitting armour, claws 3, regeneration 1, shaggy fur 1, tough skin 1
a: Renounce Religion, Potion Petition, Call Merchant, Bribe Branch


You were in an ice cave.
You worshipped Gozag.
Gozag was most pleased with you.
You visited 2 branches of the dungeon, and saw 12 of its levels.
You also visited: Ossuary, Bailey and Ice Cave.

You collected 2812 gold pieces.
You spent 135 gold pieces at shops.
You paid 1029 gold pieces to Gozag.

Inventory:

Hand Weapons
 a - a +2 orcbow of draining (weapon)
 b - a +1 shortbow of chaos
 z - a +0 arbalest
Missiles
 g - 2 throwing nets {=F}
 J - 22 poisoned darts
 L - 22 boomerangs
Armour
 c - a +0 robe (worn)
 x - a +1 cloak (worn)
 N - the +0 robe of the Cockatrice {Int+3 Archmagi}
   (You found it on level 4 of the Dungeon)

   Int+3:     It affects your intelligence (+3).
   Archmagi:  It increases the power of your magical spells.
 U - an orb of mayhem
Jewellery
 C - a +4 ring of protection
 G - a +4 ring of protection (left claw)
 H - a +6 ring of dexterity (right claw)
 Y - a ring of resist corrosion
Talismans
 D - a serpent talisman
Wands
 f - a wand of flame (21)
 k - a wand of iceblast (4)
 P - a wand of polymorph (11)
Scrolls
 y - a scroll of immolation
 B - a scroll of blinking
 E - 3 scrolls of fear
 F - a scroll of fog
 S - a scroll of butterflies
 T - 3 scrolls of teleportation
 V - 2 scrolls of vulnerability
Potions
 q - 7 potions of curing
 u - 2 potions of mutation {!q}
 A - 4 potions of attraction
 I - 2 potions of invisibility
 K - a potion of ambrosia {unknown}
 M - 2 potions of might
 O - a potion of heal wounds {unknown}
 Q - a potion of degeneration {unknown}
 R - 2 potions of haste {unknown}
 W - 2 potions of lignification {unknown}
 X - 3 potions of enlightenment
 Z - a potion of berserk rage {!q}
Miscellaneous
 l - a lightning rod (2/4)


   Skills:
 - Level 7.0 Fighting
 * Level 10.5 Ranged Weapons
 - Level 3.0 Throwing
 - Level 3.0 Dodging
 - Level 0.3 Stealth
 + Level 5.1 Evocations


You had 10 spell levels left.
You didn't know any spells.
Your spell library contained the following spells:

 Spells                   Type           Power      Damage    Failure   Level
 Apportation              Tloc           0%         N/A       47%         1
 Foxfire                  Conj/Fire      0%         2x1d4     47%         1
 Necrotise                Necr           0%         1d4       47%         1
 Slow                     Hex            0%         N/A       47%         1
 Summon Small Mammal      Summ           0%         N/A       47%         1
 Call Canine Familiar     Summ           0%         N/A       85%         3
 Confusing Touch          Hex            0%         N/A       85%         3
 Frozen Ramparts          Ice            0%         1d1       85%         3
 Ignite Poison            Fire/Tmut/Pois 0%         N/A       85%         3
 Sigil of Binding         Hex            0%         N/A       85%         3
 Summon Guardian Golem    Hex/Summ       0%         N/A       85%         3
 Vampiric Draining        Necr           0%         2d6       85%         3
 Animate Armour           Summ/Erth      0%         N/A       99%         4
 Dimensional Bullseye     Hex/Tloc       0%         N/A       99%         4
 Leda's Liquefaction      Hex/Erth       0%         N/A       99%         4
 Petrify                  Tmut/Erth      0%         N/A       99%         4
 Sticky Flame             Conj/Fire      0%         2d3       99%         4
 Summon Lightning Spire   Summ/Air       0%         N/A       99%         4
 Lee's Rapid Deconstruct  Erth           0%         3d4*      100%        5
 Metabolic Englaciation   Hex/Ice        0%         N/A       100%        5
 Plasma Beam              Fire/Air       0%         2x1d10    100%        6
 Starburst                Conj/Fire      0%         6d3       100%        6
 Ignition                 Fire           0%         3d3       100%        8


Dungeon Overview and Level Annotations

Branches:
Dungeon (11/15) Zot: 26626  Temple (1/1) D:4 Zot: 5990    Lair (0/5) D:8
Ossuary (visited)          Bailey (visited)           IceCv (1/1) Zot: 5643
    Orc: D:9-12

Altars:
Ashenzari
Cheibriados
Dithmenos
Elyvilon
Fedhas
Gozag
Hepliaklqana
Kikubaaqudgha
Makhleb
Nemelex Xobeh
Okawaru
Qazlal
Ru
Sif Muna
Trog
Uskayaw
Vehumet
Wu Jian
Xom
Yredelemnul
Zin
The Shining One

Shops:
D:8 (

Annotations:
IceCv exclusion: 2 ice statues


Innate Abilities, Weirdness & Mutations

You are too large for most types of armour.
You have claws for hands.
Your natural rate of healing is unusually fast.
You are covered in fur. (AC +1)
You have tough skin. (AC +1)


Message History

The ice beast hits you but does no damage.
Fire: a) +2 orcbow (drain)
Press: ? - help, Q - select action, (/) - cycle Shift-Dir - straight line, f/p - ice beast
Aim: an ice beast (severely wounded, summoned, heavily drained, 68% to hit)
You shoot an arrow. The arrow hits the ice beast!
You kill the ice beast!
The ice beast disappears in a puff of smoke!
What are your orders? t - Shout!
Orders for allies: a - Attack new target. r - Retreat! s - Stop attacking. g - Guard the area. f - Follow me.
Anything else - Cancel.
You shout for attention!
You start resting.
HP restored.
The ice statue gestures.
You shoot an arrow. The arrow hits the ice beast!
You drain the ice beast.
The ice beast is heavily wounded.
You shoot an arrow. The arrow hits the ice beast!
The ice beast is severely wounded.
You shoot an arrow. The arrow hits the ice beast!
You kill the ice beast!
The ice beast disappears in a puff of smoke!
The ice statue glitters chillingly in the dim dungeon light.
The ice statue gestures at you. The freezing blast engulfs you.
You are engulfed in freezing vapours.
You start resting.
HP restored.
The ice statue gestures at you.
The ice statue gestures. x2
The ice statue gestures at you. The bolt of cold hits you!!
The ice statue gestures at you. The freezing blast engulfs you!!
You are engulfed in freezing vapours.
The ice statue gestures at you. The freezing blast misses you.
You are engulfed in freezing vapours.
* * * LOW HITPOINT WARNING * * *
The ice statue gestures at you. The shard of ice hits you!
* * * LOW HITPOINT WARNING * * *
You are engulfed in freezing vapours.
* * * LOW HITPOINT WARNING * * *
The ice statue gestures at you. The shard of ice hits you!!!
You die...
Your body crumbles into a pile of gold.

#. ##. ..# ..# .. #.##
#☼.## ###@☼## #.§☼☼☼#
##☼§Y°°## ##...○○○.# ##
#8..○○☼☼.## .######
##.○.Y....# ..##..##
###..○......#
.......###....○.........
∩.......#..............#


You could see an ice statue and 2 ice beasts.

Vanquished Creatures
  2 two-headed ogres
  An orc knight (Bailey)
  A wolf spider (Bailey)
  An ugly thing (D:11)
  Psyche (D:9)
  Jeremiah (D:7)
  A rime drake (IceCv)
  A troll (D:11)
  Sigmund (D:3)
  A shadow (D:11)
  A wraith (D:11)
  11 yaks (D:11)
  5 wyverns
  A steam dragon (D:8)
  Menkaure (D:7)
  A water moccasin (D:6)
  2 ice beasts (D:5)
  4 sky beasts
  11 orc warriors
  2 ogres
  3 centaurs
  2 kobold brigands
  2 elf zombies (Ossuary)
  3 bullfrogs
  7 scorpions
  11 killer bees
  A lindwurm simulacrum (IceCv)
  6 howler monkeys
  2 centaur zombies (Ossuary)
  2 komodo dragon simulacra (IceCv)
  2 orc priests
  4 hounds
  Crazy Yiuf (D:6)
  2 sleepcaps (D:8)
  2 human zombies (Ossuary)
  3 jellies
  3 iguanas
  Natasha (thrice) (D:3 D:2)
  7 orc wizards
  2 hound zombies (Ossuary)
  3 mummies (Ossuary)
  6 adders
  3 gnolls (D:6)
  2 acid dragon simulacra (IceCv)
  A shadow imp (D:5)
  13 white imps
  An ufetubus (D:6)
  A steam dragon simulacrum (IceCv)
  6 adder zombies (Ossuary)
  A worm (D:5)
  3 dart slugs
  31 orcs
  4 ball pythons
  4 endoplasms
  A giant cockroach (D:1)
  4 goblins
  6 hobgoblins
  2 jackals (D:1)
  20 kobolds
  3 quokkas
  2 bats (D:1)
  3 frilled lizards
  2 goblin zombies (Ossuary)
  5 hobgoblin zombies (Ossuary)
  2 kobold zombies (Ossuary)
  2 orc zombies (Ossuary)
  5 quokka zombies (Ossuary)
  2 rats (D:1)
  4 rat zombies (Ossuary)
260 creatures vanquished.

Notes
Turn   | Place    | Note
-------+----------+-------------------------------------------
     0 | D:1      | Ge0ff the Troll Hunter began the quest for the Orb.
     0 | D:1      | Reached XP level 1. HP: 19/19 MP: 0/0
   209 | D:1      | Reached XP level 2. HP: 25/28 MP: 1/1
   334 | D:1      | Reached skill level 3 in Ranged Weapons
   511 | D:1      | Found a faded altar of an unknown god.
  1346 | D:2      | Reached XP level 3. HP: 35/35 MP: 2/2
  1573 | D:3      | Noticed Natasha
  1580 | D:3      | Killed Natasha
  1951 | D:3      | Found a sacrificial altar of Ru.
  2193 | D:3      | Reached XP level 4. HP: 44/44 MP: 3/3
  2292 | D:3      | Noticed Sigmund
  2302 | D:3      | Killed Sigmund
  2303 | D:3      | Reached skill level 4 in Ranged Weapons
  2303 | D:3      | Reached XP level 5. HP: 49/53 MP: 4/4
  2398 | D:3      | Noticed Natasha
  2414 | D:3      | Killed Natasha
  2493 | D:3      | Found a sacrificial altar of Ru.
  2608 | D:3      | Noticed Natasha
  2846 | D:2      | Killed Natasha
  2847 | D:2      | Reached XP level 6. HP: 53/61 MP: 5/5
  3422 | D:4      | Found a hide-covered altar of Uskayaw.
  3500 | D:4      | Reached skill level 5 in Ranged Weapons
  3658 | D:4      | Found a staircase to the Ecumenical Temple.
  3672 | Temple   | Entered the Ecumenical Temple
  3677 | Temple   | Became a worshipper of Gozag Ym Sagoz the Greedy
  3777 | D:4      | Identified the +0 robe of the Cockatrice {Int+3 Archmagi}
  3971 | D:5      | Entered Level 5 of the Dungeon
  4021 | D:5      | Noticed an ice beast
  4861 | D:5      | Noticed an ice beast
  4878 | D:5      | Killed an ice beast
  4879 | D:5      | Reached XP level 7. HP: 24/67 MP: 6/6
  5381 | D:5      | Reached skill level 6 in Ranged Weapons
  5485 | D:5      | Found a snail-covered altar of Cheibriados.
  5917 | D:6      | Reached XP level 8. HP: 72/75 MP: 7/7
  6094 | D:6      | Reached skill level 7 in Ranged Weapons
  6328 | D:6      | Found a white marble altar of Elyvilon.
  6532 | D:6      | Found a runed translucent door.
  6533 | D:6      | Noticed Crazy Yiuf
  6706 | D:6      | Killed Crazy Yiuf
  6835 | D:7      | Noticed Menkaure
  6838 | D:7      | Killed Menkaure
  6876 | D:7      | Reached skill level 8 in Ranged Weapons
  6876 | D:7      | Reached XP level 9. HP: 82/85 MP: 8/8
  6979 | D:7      | Found a flagged portal.
  6988 | Bailey   | Entered a bailey
  6995 | Bailey   | Noticed an orc knight
  6997 | Bailey   | Noticed an orc knight
  7135 | Bailey   | Reached skill level 1 in Evocations
  7173 | Bailey   | Killed an orc knight
  7174 | Bailey   | Reached skill level 5 in Fighting
  7235 | Bailey   | an orc knight changed into a wolf spider
  7235 | Bailey   | Noticed a wolf spider
  7384 | Bailey   | Killed a wolf spider
  7624 | D:7      | Reached skill level 9 in Ranged Weapons
  7758 | D:7      | Noticed Jeremiah
  7766 | D:7      | Killed Jeremiah
  7767 | D:7      | Reached XP level 10. HP: 88/98 MP: 9/9
  8236 | D:8      | Found a sand-covered staircase.
  8245 | Ossuary  | Entered an ossuary
  8922 | D:8      | Found a shimmering altar of Xom.
  9061 | D:8      | Found a staircase to the Lair.
  9159 | D:8      | Found Baggem's Antique Weapon Emporium.
  9162 | D:8      | Bought an arbalest for 135 gold pieces
  9548 | D:9      | Noticed Psyche
  9557 | D:9      | Killed Psyche
  9740 | D:9      | Found a shimmering blue altar of Sif Muna.
  9991 | D:9      | Found a shadowy altar of Dithmenos.
  9991 | D:9      | Noticed a two-headed ogre
 10002 | D:9      | Killed a two-headed ogre
 10003 | D:9      | Reached skill level 1 in Throwing
 10176 | D:9      | Reached XP level 11. HP: 105/107 MP: 10/10
 10246 | D:9      | Found an iron altar of Okawaru.
 10259 | D:9      | Found a bloodstained altar of Trog.
 10472 | D:9      | Reached skill level 10 in Ranged Weapons
 10569 | D:10     | Entered Level 10 of the Dungeon
 10574 | D:10     | Found an ornate altar of the Wu Jian Council.
 10602 | D:10     | Found a hazy altar of Hepliaklqana.
 10699 | D:10     | Found a glowing golden altar of the Shining One.
 10734 | D:10     | Found a broken altar of Ashenzari.
 10878 | D:10     | Found a sparkling altar of Nemelex Xobeh.
 10886 | D:10     | You fall into a shaft and drop 1 floor!
 10928 | D:11     | Noticed a brown ugly thing
 10940 | D:11     | Killed a brown ugly thing
 10977 | D:11     | Noticed a two-headed ogre
 11027 | D:10     | Noticed a two-headed ogre
 11036 | D:10     | Killed a two-headed ogre
 11092 | D:11     | Reached skill level 5 in Evocations
 11209 | D:11     | Found a frozen archway.
 11245 | IceCv    | Entered an ice cave
 11602 | IceCv    | HP: 1/109 [ice statue] (18)]
 11602 | IceCv    | Killed from afar by an ice statue

Illustrated notes

Levels and vault maps discovered:
D:1:      psy_arrival_basics, layout_loops_ring,
          dilly_ecumenical_altar_fadedgnrine, minmay_misc_feat_tower
D:2:      layout_basic, minmay_domino_2
D:3:      layout_loops_cross, mainiacjoe_overflow_catwalk, uniq_natasha,
          uniq_sigmund
D:4:      layout_rooms, lemuel_round_altar, temple_hall
D:5:      layout_rooms, slow_altar_2
D:6:      layout_basic, nicolae_elyvilon_temple_path, st_stairs_8,
          kennysheep_generic_room_11, uniq_crazy_yiuf_cottage
D:7:      layout_gridville, enter_bailey_8, uniq_jeremiah, uniq_menkaure
D:8:      layout_loops_ring, general_overflow_altar, lair_entry_dummy,
          enter_ossuary_1, serial_shops, nicolae_shop_real_fake_doors,
          nicolae_fountain_basement
D:9:      layout_irregular_city, lemuel_round_altar, lemuel_round_altar,
          bloody_trog, mainiacjoe_overflow_alcove_2, minmay_statues_item,
          dk_noncrumbling_2, uniq_psyche
D:10:     layout_long_grid, tso_oasis_becter, nemelex_diamond_rough_becter,
          mainiacjoe_overflow_small_starburst, nicolae_overflow_hidden_temple,
          lemuel_doored_altar, minmay_misc_feat_chi
D:11:     layout_basic, orc_0_dummy, portal_ice_cave_entry_imps
Temple:   hellmonk_temple_two_chambers
IceCv:    ice_cave_small_dragons

Skill      XL: |  1  2  3  4  5  6  7  8  9 10 11 |
---------------+----------------------------------+-----
Ranged Weapons | 3 4 5 6 8 9 10 | 10.5
Fighting       | 2 3 4 5 6 7 |  7.0
Evocations     | 3 4 5 |  5.1
Dodging        | 3 |  3.0
Throwing       | 1 3 |  3.0
Stealth        | |  0.3

Action                     |  1- 3 |  4- 6 |  7- 9 | 10-12 || total
---------------------------+-------+-------+-------+-------++-------
  Melee: Shortbow          |       |     2 |       |       ||     2
         Unarmed           |       |       |       |     7 ||     7
   Fire: Shortbow          |    93 |   183 |   163 |    57 ||   496
         Orcbow            |       |       |   154 |   466 ||   620
  Throw: Throwing net      |       |       |     1 |       ||     1
 Invoke: Potion Petition   |       |       |     1 |     1 ||     2
  Evoke: Wand              |       |       |    14 |       ||    14
         Lightning rod     |       |       |     3 |    11 ||    14
    Use: Scroll            |     3 |     3 |    11 |     7 ||    24
         Potion            |       |       |     3 |       ||     3
 Armour: Robe              |    20 |   112 |    94 |   281 ||   507
  Dodge: Dodged            |    21 |    66 |    55 |   153 ||   295

Table legend: (Time is in decaauts)
 A = Elapsed time spent in this place.
 B = Non-inter-level travel time spent in this place.
 C = Inter-level travel time spent in this place.
 D = Time resting spent in this place.
 E = Time spent auto-exploring this place.
 F = Levels seen in this place.
 G = Mean time per level.
                   A        B        C        D        E       F      G
               +--------+--------+--------+--------+--------+-----+--------+
         Total |  11723 |  11116 |    607 |   1778 |   6484 |  15 |  781.5 |
       Dungeon |  10303 |   9697 |    606 |   1496 |   6029 |  11 |  936.6 |
        Temple |      9 |      9 |      0 |      0 |      0 |   1 |    9.0 |
       Ossuary |    427 |    427 |      0 |      0 |    177 |   1 |  427.0 |
        Bailey |    626 |    626 |      0 |     54 |    256 |   1 |  626.0 |
      Ice Cave |    356 |    356 |      0 |    228 |     22 |   1 |  356.0 |
               +--------+--------+--------+--------+--------+-----+--------+

Top non-repeatable levels by time:
     D:5: 1771 daAuts
     D:3: 1727 daAuts
     D:9: 1004 daAuts
     D:6: 965 daAuts
     D:8: 930 daAuts
     D:1: 891 daAuts
     D:7: 851 daAuts
     D:2: 811 daAuts
     D:4: 669 daAuts
  Bailey: 626 daAuts
 Ossuary: 427 daAuts
    D:11: 360 daAuts
   IceCv: 356 daAuts
    D:10: 321 daAuts
  Temple: 9 daAuts
